 Dungeon Crawl Stone Soup version 0.25.0-9-g26727b657a (webtiles) character file.

Game seed: 13906970144965212232

343 Jakers the Zephyrmancer (level 6, -1/32 HPs)
             Began as a Tengu Air Elementalist on June 21, 2020.
             Killed from afar by Sigmund (6 damage)
             ... with a puff of flame
             ... on level 4 of the Dungeon.
             The game lasted 00:12:34 (5404 turns).

Jakers the Zephyrmancer (Tengu Air Elementalist)    Turns: 5404, Time: 00:12:35

Health: -1/32      AC:  5    Str: 15    XL:     6   Next: 57%
Magic:  0/10       EV: 15    Int: 17    God:
Gold:   314        SH:  0    Dex: 14    Spells: 5/9 levels left

rFire    . . .     SeeInvis .   d - +0 short sword
rCold    . . .     Gourm    .   (no shield)
rNeg     . . .     Faith    .   a - +0 robe
rPois    .         Spirit   .   (helmet restricted)
rElec    .         Reflect  .   u - +2 cloak
rCorr    .         Harm     .   (no gloves)
MR       .....                  (boots unavailable)
Stlth    ..........             (no amulet)
HPRegen  0.10/turn              k - ring of attention (curse)
MPRegen  0.12/turn              s - +6 ring of strength

@: confused, flying quickly and evasively, quick
A: beak, talons 3, able to fly
a: Stop Flying


You were on level 4 of the Dungeon.
You were not hungry.

You visited 1 branch of the dungeon, and saw 5 of its levels.

You collected 314 gold pieces.

Inventory:

Hand Weapons
 d - a +0 short sword (weapon)
 o - a +0 halberd
Missiles
 l - 16 poisoned darts (quivered)
Armour
 a - a +0 robe (worn)
 j - a +0 cloak
 n - a cursed +0 leather armour
 u - a +2 cloak (worn)
Jewellery
 k - a cursed ring of attention (left hand)
 s - a +6 ring of strength (right hand)
Wands
 q - a wand of iceblast (6)
Scrolls
 f - 3 scrolls of magic mapping
 i - 2 scrolls of teleportation
 r - 2 scrolls of identify
 w - a scroll of remove curse {unknown}
Potions
 b - 2 potions of might {unknown}
 e - a potion of haste {unknown}
 g - 3 potions of stabbing {unknown}
 h - 2 potions of degeneration {unknown}
 m - 2 potions of curing {unknown}
 p - 3 potions of lignification {unknown}
 t - a potion of cancellation {unknown}
 v - 2 potions of mutation {unknown}
Comestibles
 c - 7 rations


   Skills:
 + Level 0.3 Fighting
 - Level 1.2 Armour
 - Level 2.1 Dodging
 - Level 2.0 Stealth
 - Level 2.0 Spellcasting
 - Level 1.3 Conjurations
 - Level 9.2 Air Magic


You had 5 spell levels left.
You knew the following spells:

 Your Spells              Type           Power        Failure   Level  Hunger
a - Shock                 Conj/Air       ###.         2%          1    #......
b - Static Discharge      Conj/Air       ###.....     7%          3    ###....

Your spell library contained the following spells:

 Spells                   Type           Power        Failure   Level  Hunger
 Swiftness                Chrm/Air       ###.....     4%          2    ###....
 Airstrike                Air            ####......   4%          4    #####..
 Lightning Bolt           Conj/Air       ###.......   52%         5    ######.


Dungeon Overview and Level Annotations

Branches:
Dungeon (5/15)
 Temple: D:4-7

Altars:
Ashenzari
Elyvilon
Fedhas
Gozag
Trog
Wu Jian
Zin

Shops:
D:5 (}?

Annotations:
D:4 Sigmund


Innate Abilities, Weirdness & Mutations

You have a beak for a mouth.
You have claws for feet.
You can fly continuously.


Message History

The spell is quite dangerous to cast (7% risk of failure)!
Continue anyway?
Sigmund is struck by an arc of lightning.
Sigmund is heavily wounded.
You are struck by an arc of lightning.
The lightning grounds out.
You hit Sigmund. Your kick misses Sigmund. You peck Sigmund.
Sigmund is severely wounded.
Sigmund hits you with a +0 scythe!
* * * LOW HITPOINT WARNING * * *
Sigmund points at you and mumbles some strange words.
You are confused.
Sigmund gestures at you while chanting. The puff of flame hits you.
* * * LOW HITPOINT WARNING * * *
Sigmund mumbles some strange words.
Sigmund flickers and vanishes!
Deactivating autopickup; reactivate with Ctrl-A.
You hear some strange, mumbled words.
A puff of flame appears from out of thin air!
The puff of flame hits you.
You die...

#.....# #.....#
#.....# #.....#
####.....#
#........###########
....##>....#.........#
. # #.....#.$.......#
#....@#.........#
#....{#...<.....#
.#####..............#
....(...###.........#
.....##.###........>#
..##................#
.....##.###.........#
#..# #[# ###<#######
##. #.# #..#


There were no monsters in sight!

Vanquished Creatures
  The ghost of xccam the Scratcher, an amateur FeAK of Lugonu (D:3)
  A crimson imp (D:5)
  A hound (D:5)
  A worker ant (D:2)
  A worker ant zombie (D:5)
  5 gnolls (D:2)
  4 adders
  A shadow imp (D:5)
  An ooze (D:3)
  An adder skeleton (D:4)
  4 worms
  A leopard gecko (D:3)
  3 orcs (D:3)
  6 bats
  A giant cockroach (D:3)
  6 goblins
  7 hobgoblins
  8 jackals
  2 quokkas
  A ball python (D:3)
  4 frilled lizards
  8 kobolds
  10 rats
78 creatures vanquished.

Notes
Turn   | Place    | Note
-------+----------+-------------------------------------------
     0 | D:1      | Jakers the Tengu Air Elementalist began the quest for the
                  | Orb.
     0 | D:1      | Reached XP level 1. HP: 10/10 MP: 4/4
   516 | D:1      | Reached XP level 2. HP: 11/15 MP: 4/6
   961 | D:1      | Reached skill level 5 in Air Magic
  1415 | D:2      | Reached XP level 3. HP: 16/19 MP: 0/7
  1455 | D:2      | Learned a level 3 spell: Static Discharge
  1692 | D:2      | Found an opulent altar of Gozag.
  1795 | D:2      | Reached skill level 6 in Air Magic
  1795 | D:2      | Reached XP level 4. HP: 19/24 MP: 0/8
  1965 | D:2      | Reached skill level 7 in Air Magic
  1973 | D:2      | Gained mutation: You can fly continuously. [Tengu growth]
  1973 | D:2      | Reached XP level 5. HP: 25/28 MP: 1/9
  2769 | D:3      | Found a shattered altar of Ashenzari.
  2989 | D:3      | Reached skill level 8 in Air Magic
  3069 | D:3      | Found a white marble altar of Elyvilon.
  3338 | D:3      | Found a runed translucent door.
  3338 | D:3      | Noticed xccam's ghost (amateur FeAK)
  3349 | D:3      | Killed xccam's ghost
  3349 | D:3      | Reached XP level 6. HP: 3/32 MP: 0/10
  3978 | D:4      | Noticed Sigmund
  4340 | D:5      | Entered Level 5 of the Dungeon
  4341 | D:5      | Reached skill level 9 in Air Magic
  4469 | D:5      | Found a glowing silver altar of Zin.
  4483 | D:5      | Found a blossoming altar of Fedhas.
  4663 | D:5      | Found Vowo's Magic Scroll Shop.
  4800 | D:5      | Reached skill level 1 in Armour
  4956 | D:5      | Found Rytheice's Antique Weapon Shoppe.
  4984 | D:5      | Found Uchaiff's Gadget Emporium.
  5107 | D:5      | Found a bloodstained altar of Trog.
  5116 | D:5      | Found an ornate altar of the Wu Jian Council.
  5404 | D:4      | Killed from afar by Sigmund

Illustrated notes

Levels and vault maps discovered:
D:1:      dpeg_arrival_ratfight, layout_loops_corners
D:2:      layout_basic, grunt_gozag_breadcrumbs, cheibrodos_gnoll_hut
D:3:      layout_basic, nicolae_overflow_crystal_walls, gammafunk_ghost_grave,
          elyvilon_altar_5
D:4:      layout_rooms, serial_shops, shop_fountains, first_ration,
          uniq_blork_the_orc, uniq_robin, uniq_sigmund
D:5:      layout_cave_pods, nicolae_overflow_quartered_altars, serial_shops,
          nicolae_shop_trees, nicolae_shop_statue_plus, kennysheep_mini_moat,
          eino_tiny_chamber

Skill      XL: |  1  2  3  4  5  6 |
---------------+-------------------+-----
Air Magic      | 5 6 7 8 9 |  9.2
Armour         | 1 |  1.2
Fighting       | |  0.3
Dodging        | |  2.1
Stealth        | |  2.0
Spellcasting   | |  2.0
Conjurations   | |  1.3

Action                   |  1- 3 |  4- 6 || total
-------------------------+-------+-------++-------
Melee: Short sword       |    16 |    87 ||   103
       Kick              |     2 |    22 ||    24
       Peck              |       |    17 ||    17
Throw: Dart              |       |     3 ||     3
 Cast: Shock             |    47 |    68 ||   115
       Static Discharge  |     3 |    14 ||    17
 Abil: Fly               |       |     1 ||     1
  Use: Scroll            |       |     6 ||     6
 Stab: Sleeping          |     1 |     1 ||     2
  Eat: Chunk             |     3 |    11 ||    14
       Ration            |       |     1 ||     1
Armor: Robe              |     6 |    38 ||    44
Dodge: Dodged            |    16 |   108 ||   124
